Map: Data-C

Players

Apex - Winner!

  • Race: Terran Terran
  • League: Master
  • Spawn Location: 9:00

VOD

Have the link to the VOD?

Description

Time

  • Played on: Aug. 10, 2022, 2:55 a.m.
  • Length: 14:23
Show
View Real Time Build Order
Export as new Build Order

Apex Terran - Winner!

Build Orders:  

Get SALT Encoding   

  12  0:02  SCV  
  12  0:14  SCV  
  12  0:18  Supply Depot  
  12  0:26  SCV  
  12  0:39  SCV  
  12  0:41  Barracks  
  12  0:45  Refinery  
  12  0:52  SCV  
  12  1:04  SCV  
  12  1:16  SCV  
  12  1:28  Marine  
  12  1:29  Orbital Command  
  12  1:46  Command Center  
  12  1:55  SCV  
  12  1:56  Barracks Reactor  
  12  2:01  Supply Depot  
  12  2:07  SCV  
  12  2:14  Factory  
  12  2:19  SCV  
  12  2:22  Refinery  
  12  2:27  Bunker  
  12  2:31  SCV  
  12  2:34  Marine  
  12  2:36  Marine  
  12  2:43  SCV  
  12  2:51  Marine  
  12  2:54  Marine  
  12  2:56  SCV  
  12  2:58  Orbital Command  
  12  3:01  Factory Tech Lab  
  12  3:08  SCV  
  12  3:12  Marine x2  
  12  3:18  Starport  
  12  3:21  SCV  
  12  3:24  SCV  
  12  3:29  Cyclone  
  12  3:33  SCV  
  12  3:36  SCV  
  12  3:37  Marine x2  
  12  3:42  Supply Depot  
  12  3:45  SCV  
  12  3:48  SCV  
  12  3:55  Starport Tech Lab  
  12  3:56  Marine x2  
  12  4:03  SCV x2  
  12  4:04  Supply Depot  
  12  4:05  Siege Tank  
  12  4:14  Raven, Barracks  
  12  4:15  Marine  
  12  4:25  Marine, SCV x2  
  12  4:27  Supply Depot  
  12  4:33  Marine  
  12  4:38  SCV x2  
  12  4:39  Engineering Bay, Refinery  
  12  4:43  Marine  
  12  4:49  Siege Tank  
  12  4:50  Supply Depot  
  12  4:51  SCV x2  
  12  5:03  SCV x2  
  12  5:06  Starport Reactor, Terran Infantry Weapons Level 1  
  12  5:10  Marine  
  12  5:11  Marine  
  12  5:12  Marine, Barracks  
  12  5:15  Supply Depot, SCV x2  
  12  5:18  Stimpack  
  12  5:24  Supply Depot  
  12  5:27  SCV x2  
  12  5:30  Marine x3, Refinery  
  12  5:34  Factory Reactor  
  12  5:39  SCV x2  
  12  5:46  Supply Depot, Medivac x2  
  12  5:48  Supply Depot, Marine x3  
  12  5:51  SCV x2  
  12  6:05  SCV x2  
  12  6:08  Command Center, Marine x2  
  12  6:09  Combat Shield, Marine x2  
  12  6:12  Widow Mine x2  
  12  6:19  Medivac  
  12  6:20  Medivac  
  12  6:23  SCV  
  12  6:24  SCV  
  12  6:26  Marine x3  
  12  6:27  Marine  
  12  6:41  Barracks  
  12  6:42  Widow Mine x2  
  12  6:43  Barracks  
  12  6:44  Supply Depot x2  
  12  6:49  Marine x4  
  12  7:00  Terran Infantry Armor Level 1  
  12  7:05  Medivac x2  
  12  7:06  SCV x2  
  12  7:13  Supply Depot  
  12  7:15  Supply Depot, Marine x2, Marauder  
  12  7:16  Supply Depot, Marauder  
  12  7:17  Widow Mine  
  12  7:18  Widow Mine  
  12  7:20  Concussive Shells  
  12  7:22  SCV  
  12  7:23  SCV  
  12  7:31  Barracks Tech Lab  
  12  7:32  Barracks Reactor  
  12  7:35  Medivac x2, SCV x2  
  12  7:39  Orbital Command  
  12  7:45  Marine  
  12  7:46  Marine, Marauder x2  
  12  7:47  Widow Mine  
  12  7:48  Widow Mine  
  12  7:53  SCV x2  
  12  7:58  Engineering Bay  
  12  7:59  Armory  
  12  8:03  Marine x2, Marauder  
  12  8:07  Marauder x2  
  12  8:10  Viking  
  12  8:11  Viking  
  12  8:15  SCV x3  
  12  8:19  Refinery  
  12  8:20  Refinery  
  12  8:22  Supply Depot, Marine x4  
  12  8:38  SCV  
  12  8:42  Supply Depot  
  12  8:44  Widow Mine x2, Marauder x2  
  12  8:49  Supply Depot  
  12  8:55  Supply Depot  
  12  8:56  Supply Depot  
  12  9:01  Terran Infantry Weapons Level 2, Terran Infantry Armor Level 2  
  12  9:03  Marine x4, Viking x2  
  12  9:06  Terran Ship Weapons Level 1  
  12  9:08  Command Center  
  12  9:11  SCV, Marauder  
  12  9:12  SCV x2  
  12  9:13  Marauder  
  12  9:17  Marauder  
  12  9:28  Ghost Academy  
  12  9:29  Starport  
  12  9:44  Barracks  
  12  9:45  Barracks  
  12  9:46  Barracks  
  12  9:53  Refinery x2  
  12  10:03  Command Center  
  12  10:11  Starport Reactor  
  12  10:12  Enhanced Shockwaves  
  12  10:34  Barracks Tech Lab  
  12  10:35  Barracks Reactor, Barracks Tech Lab  
  12  10:44  Fusion Core  
  12  10:59  Planetary Fortress  
  12  11:16  Terran Ship Weapons Level 2  
  12  11:18  Planetary Fortress, Terran Infantry Armor Level 3, Terran Infantry Weapons Level 3  
  12  12:08  Personal Cloaking  
  12  12:09  Advanced Ballistics  
  12  12:26  Command Center  
  12  12:30  Command Center  
  12  14:12  Ghost Academy  
  12  14:15  Ghost Academy x3  
Tags
 
League
Master
Race
Terran
Add a new tag
Caveats
  • Supply blocks, unpowered buildings, or Contaminate may cause inaccurate times.
  • Supply counts are checked every 10 seconds.